[Event "*** Titled Tuesday 3|2 Blitz"]
[Site "Chess.com"]
[Date "2017.03.07"]
[Round "1"]
[White "iturrizaga"]
[Black "Feegus"]
[Result "0-1"]
[WhiteElo "2664"]
[BlackElo "2392"]
[TimeControl "180+2"]
[EndTime "13:08:32 PST"]
[Termination "Feegus won by resignation"]

1. Nf3 Nf6 2. c4 e6 3. g3 d5 4.
Bg2 Be7 5. O-O O-O 6. d4 c6 7.
Qc2 Nbd7 8. Nbd2 a6 9. e4 dxe4 10. Nxe4 Nxe4 11. Qxe4 c5 12. Rd1 Qb6 13. b3 cxd4 14.
Nxd4 Nf6 15. Qe2 Bc5 16. Be3 e5 17. Nc2 Bg4 18. Bf3 Bxf3 19. Qxf3 e4 20. Qf5 Bxe3 21. Nxe3 Rad8 22. Kg2 g6 23. Qf4 Kg7 24. Qg5 Rd3 25. Nf5+ Kg8 26. c5 Qe6 27. Nd6 Rf3 28. Nxb7 e3 29.
fxe3 Rf2+ 30. Kg1 Qh3 31. Kxf2 Ne4+ 32. Kg1 Nxg5 33. Rf1 Qe6 34. Rae1 Qe4 0-1

[Event "*** Titled Tuesday 3|2 Blitz"]
[Site "Chess.com"]
[Date "2017.03.07"]
[Round "1"]
[White "GeorgMeier"]
[Black "Journey_to_GrandMaster_YT"]
[Result "1-0"]
[WhiteElo "2728"]
[BlackElo "2385"]
[TimeControl "180+2"]
[EndTime "13:08:35 PST"]
[Termination "GeorgMeier won by resignation"]

1. Nf3 Nf6 2. g3 d6 3. Bg2 e5 4. c4 Nbd7 5. Nc3 Be7 6. d4 O-O 7. O-O c6 8. Qc2 Qc7 9. Rd1 Re8 10. h3 Bf8 11. e4 b5 12. Be3 bxc4 13. dxe5 Nxe5 14.
Nxe5 dxe5 15. Na4 Be6 16. Nc5 Bxc5 17. Bxc5 Red8 18. Qc3 h6 19. f3 Nd7 20. Bf2 Nb6 21.
Qa5 Rd3 22. Rxd3 cxd3 23. b3 Rd8 24. Bf1 Qd7 25. Rd1 d2 26. Be3 Qc7 27. Kf2 f6 28.
h4 h5 29. Be2 Bc8 30. Rxd2 Rxd2 31. Qxd2 Qd7 32. Qxd7 Bxd7 33. a4 Be6 34. a5 Nc8 35. b4 Kf7 36. f4 exf4 37. gxf4 g6 38. Bc5 f5 39. Bd3 fxe4 40. Bxe4 Bd5 41. Bxd5+ cxd5 42. b5 Ke6 43. Ke3 Kd7 44. Kd4 Ke6 45. a6 Kf5 46.
Kxd5 Kxf4 47. Bxa7 Nxa7 48. b6 Nc8 49. b7 Ne7+ 50. Kc5 Kg4 51. b8=Q Nf5 52. a7 1-0

[Event "*** Titled Tuesday 3|2 Blitz"]
[Site "Chess.com"]
[Date "2017.03.07"]
[Round "1"]
[White "Schoenbrunn"]
[Black "Hunninn"]
[Result "0-1"]
[WhiteElo "1853"]
[BlackElo "2414"]
[TimeControl "180+2"]
[EndTime "13:08:36 PST"]
[Termination "Hunninn won on time"]

1. e4 e5 2. Nf3 Nc6 3. d4 exd4 4. Nxd4 Nf6 5. Nxc6 bxc6 6. e5 Qe7 7. Qe2 Nd5 8. c4 Nb6 9. Nc3 g6 10. Ne4 Bg7 11.
Bg5 Qxe5 12. Nf6+ Bxf6 13. Bxf6 Qxe2+ 14. Bxe2 O-O 15. O-O-O d6 16. Bf3 Bd7 17. c5 Nc8 18. Rhe1 Rb8 19. b3 d5 20. Kb2 Be6 21. Be5 Rb7 22. Bf6 a5 23. a3 Na7 24. a4 Rfb8 25.
Rd3 d4 26. Bd1 Bc4 27. Rf3 Bd5 28. Rg3 h6 29. Bxd4 g5 30. Rge3 f5 31. f3 Kf8 32.
Rc3 Nc8 33. Re5 Ne7 34. Rce3 f4 35. Rc3 Ng6 36. Re1 Kf7 37. Bc2 Nh4 38. Re2 g4 39.
fxg4 Nxg2 40. Rf2 f3 41. Bd1 Nh4 42. Be3 Kg6 43. Bc1 Rb4 44. Bc2+ Kg7 45. Re3 Rxg4 46. Re7+ Kf6 47. Rxc7 Rg2 48. Be3 Nf5 49. Bxf5 Rxb3+ 50. Kc2 Rxe3 0-1

[Event "*** Titled Tuesday 3|2 Blitz"]
[Site "Chess.com"]
[Date "2017.03.07"]
[Round "1"]
[White "ShimanovAlex"]
[Black "Danhy"]
[Result "1-0"]
[WhiteElo "2643"]
[BlackElo "2340"]
[TimeControl "180+2"]
[EndTime "13:08:40 PST"]
[Termination "ShimanovAlex won by resignation"]

1. d4 Nf6 2. Bg5 Ne4 3. Bf4 c5 4. f3 Nf6 5. d5 d6 6. c4 g6 7. Nc3 Bg7 8. e4 O-O 9. Qd2 Nbd7 10. Nge2 a6 11. Ng3 b5 12. cxb5 axb5 13. Bxb5 Ba6 14. Bxa6 Rxa6 15. O-O h5 16. Nge2 Ne5 17.
Bxe5 dxe5 18. Rfd1 Kh7 19. Qd3 Rb6 20. b3 Ne8 21. Na4 Rb4 22. Rac1 Nd6 23. Rxc5 Qa8 24. Kh1 f5 25. Nec3 Qa7 26. h3 fxe4 27. fxe4 Rd4 28.
Qe2 Bh6 29. Rf1 Rxf1+ 30. Qxf1 Bf4 31. Qf3 Kg7 32. g3 Bg5 33. h4 Bf6 34. Qe2 Qd7 35.
Kg2 e6 36. dxe6 Qxe6 37. Rc7+ Nf7 38. Nd5 Bd8 39. Rc2 Qd6 40. Nac3 Nh6 41. Nb5 1-0

[Event "*** Titled Tuesday 3|2 Blitz"]
[Site "Chess.com"]
[Date "2017.03.07"]
[Round "1"]
[White "AnthonyWirig"]
[Black "Hanging_pointer"]
[Result "1-0"]
[WhiteElo "2561"]
[BlackElo "2289"]
[TimeControl "180+2"]
[EndTime "13:08:45 PST"]
[Termination "AnthonyWirig won by resignation"]

1. d4 Nf6 2. Nf3 e6 3. c4 Bb4+ 4. Bd2 Qe7 5. g3 Nc6 6. Bg2 Bxd2+ 7. Nbxd2 O-O 8. O-O d6 9. e4 e5 10. d5 Nb8 11.
Ne1 a5 12. Nd3 Na6 13. a3 c6 14. b4 Bd7 15. Re1 cxd5 16. exd5 Bf5 17. Ne4 Nxe4 18. Bxe4 Bxe4 19. Rxe4 f5 20. Re1 axb4 21. axb4 Qf6 22.
b5 Nc7 23. Rxa8 Rxa8 24. Qb3 b6 25. c5 bxc5 26. b6 Ne8 27. Qb5 Qd8 28. Rb1 Rb8 29.
Qc6 h6 30. b7 Kf7 31. Rb6 Ke7 32. Nb2 Qc7 33. Qb5 Qd7 34. Qa6 Qc7 35. Nc4 Kd7 36. Qb5+ Ke7 37. Na5 Qd7 38. Nc6+ 1-0

[Event "*** Titled Tuesday 3|2 Blitz"]
[Site "Chess.com"]
[Date "2017.03.07"]
[Round "1"]
[White "Astaneh"]
[Black "Rock700chess"]
[Result "1-0"]
[WhiteElo "2533"]
[BlackElo "2241"]
[TimeControl "180+2"]
[EndTime "13:08:46 PST"]
[Termination "Astaneh won by resignation"]

1. d4 Nf6 2. c4 g6 3. Nc3 Bg7 4. e4 d6 5. f3 O-O 6. Be3 e5 7. Nge2 Nc6 8. d5 Nb8 9. g4 a5 10. Rb1 Na6 11. a3 Bd7 12. b4 axb4 13.
axb4 c5 14. dxc6 bxc6 15. Qxd6 Qc7 16. Qxc7 Nxc7 17. b5 cxb5 18. cxb5 Rab8 19. g5 Nh5 20. b6 Ne6 21. Nd5 Kh8 22. Kf2 Bc6 23. Bh3 Bxd5 24.
exd5 Nef4 25. Bxf4 Nxf4 26. Nxf4 exf4 27. Rhd1 Rfd8 28.
b7 Bf8 29. Rdc1 h6 30. Rc8 hxg5 31. Rxd8 Rxd8 32. b8=Q Rxb8 33. Rxb8 Kg7 34. Rb7 Bc5+ 35. Ke2 Bd6 36. Be6 Kh6 37. Rxf7 Bc5 38. Kd3 g4 39.
fxg4 Kg5 40. Ke4 Be3 41. d6 Kh4 42. Rh7+ 1-0

[Event "*** Titled Tuesday 3|2 Blitz"]
[Site "Chess.com"]
[Date "2017.03.07"]
[Round "1"]
[White "Jospem"]
[Black "PlotnikovPavel"]
[Result "1-0"]
[WhiteElo "2593"]
[BlackElo "2302"]
[TimeControl "180+2"]
[EndTime "13:08:48 PST"]
[Termination "Jospem won by checkmate"]

1. e4 e6 2. d4 d5 3. Nc3 Nf6 4.
e5 Ng8 5. f4 c5 6. Nf3 Nc6 7. Be3 Nh6 8. dxc5 Qa5 9. a3 Nf5 10.
Bd2 Qxc5 11. Bd3 h5 12. b4 Qb6 13. Qe2 g6 14. Na4 Qc7 15. c3 Bd7 16. Nb2 Be7 17.
O-O a5 18. b5 Na7 19. Kh1 h4 20. a4 Nc8 21. c4 Nb6 22. Bxf5 gxf5 23. cxd5 Nxd5 24.
Rac1 Qd8 25. Nc4 b6 26. Ng5 Bxg5 27. fxg5 h3 28. Nd6+ Kf8 29. g4 Ra7 30. gxf5 exf5 31. Qf3 Be6 32. Nxf5 Bxf5 33. Qxf5 Qd7 34. e6 Qb7 35.
Rc6 Nb4 36. Bxb4+ axb4 37. g6 Rg8 38. Qf6 Qe7 39. Rc8+ Qe8 40. Qxf7+ Rxf7 41. Rxf7# 1-0

[Event "*** Titled Tuesday 3|2 Blitz"]
[Site "Chess.com"]
[Date "2017.03.07"]
[Round "1"]
[White "danyuffa"]
[Black "Rating-Schmating"]
[Result "0-1"]
[WhiteElo "2528"]
[BlackElo "2292"]
[TimeControl "180+2"]
[EndTime "13:08:49 PST"]
[Termination "Rating-Schmating won by resignation"]

1. d4 Nf6 2. c4 e6 3. g3 c5 4. d5 d6 5. Nc3 b6 6. Bg2 Bb7 7. Nh3 Nbd7 8. O-O exd5 9. Nf4 Be7 10. Nfxd5 Nxd5 11. Nxd5 Rb8 12. Bf4 Ne5 13. Qc2 Ng6 14.
Bd2 O-O 15. Rad1 Qd7 16. h4 Rbd8 17. Bc3 Qe6 18. h5 Ne5 19. Nf4 Qc8 20. Bxb7 Qxb7 21. Nd5 Nxc4 22. Bxg7 Kxg7 23. Qxc4 f5 24. Qf4 Qd7 25. Rd3 Bf6 26. Rfd1 h6 27. Qf3 Be5 28. b3 Qe6 29. e3 Rd7 30. Kg2 Rff7 31. a4 Kh7 32.
Qe2 Rg7 33. f4 Bf6 34. Qf3 Bh4 35. Kf1 Rxg3 36. Qh1 Bd8 37. Ke2 Rdg7 38. Rf1 Rg2+ 39. Rf2 Qe4 40. Qf1 Bh4 41. Rxg2 Rxg2+ 42. Kd1 Ra2 43.
Nc3 Ra1+ 44. Ke2 Qxd3+ 45. Kxd3 Rxf1 46. Nb5 Rb1 47. Kc4 d5+ 48. Kxd5 Rxb3 49. Nxa7 Rxe3 50.
Nc8 Ra3 51. Nxb6 Bd8 52. Nc4 Rxa4 53. Ne3 Rxf4 54. Kxc5 Re4 55. Nd5 Re5 56. Kd4 Rxd5+ 57. Kxd5 Bc7 58. Kd4 Kg7 59. Ke3 Kf6 0-1

[Event "*** Titled Tuesday 3|2 Blitz"]
[Site "Chess.com"]
[Date "2017.03.07"]
[Round "1"]
[White "pedromartinez91"]
[Black "SergeiAza"]
[Result "1-0"]
[WhiteElo "2352"]
[BlackElo "2602"]
[TimeControl "180+2"]
[EndTime "13:08:53 PST"]
[Termination "pedromartinez91 won by resignation"]

1. e4 e5 2. Nf3 Nc6 3. Bb5 a6 4.
Ba4 Nf6 5. O-O Be7 6. Bxc6 dxc6 7. d3 Nd7 8. b3 O-O 9. Bb2 Bd6 10. Nbd2 Re8 11.
Nc4 c5 12. a4 a5 13. h3 f6 14.
Nh4 Nf8 15. Qh5 g6 16. Qh6 Ne6 17. Nxg6 hxg6 18. Qxg6+ Ng7 19. f4 Qe7 20. fxe5 fxe5 21. Rf6 Bd7 22. Nxd6 cxd6 23. Rxd6 Ra6 24. Rxa6 bxa6 25.
Rf1 Rf8 26. Rxf8+ Kxf8 27. Qg3 c4 28. Bxe5 Kg8 29. dxc4 Bc6 30. c3 Bxe4 31. b4 Kh7 32. Bxg7 axb4 33. cxb4 Qxb4 34. Bd4 Qe7 35. c5 Bc6 36. a5 Be4 37. Kh2 Bc6 38. Qe5 Qd7 39.
Qh8+ Kg6 40. Qg8+ Kh6 41. Be3+ 1-0

[Event "*** Titled Tuesday 3|2 Blitz"]
[Site "Chess.com"]
[Date "2017.03.07"]
[Round "1"]
[White "Marreuh"]
[Black "Robin-Side"]
[Result "0-1"]
[WhiteElo "2078"]
[BlackElo "2458"]
[TimeControl "180+2"]
[EndTime "13:08:55 PST"]
[Termination "Robin-Side won by checkmate"]

1. e4 g6 2. d4 Bg7 3. Nc3 e6 4. f4 Ne7 5. Nf3 d5 6. e5 O-O 7. Bd3 c5 8. dxc5 Nd7 9. Be3 Qa5 10.
Bb5 Nf5 11. Bf2 a6 12. Bxd7 Bxd7 13. O-O Qb4 14. g4 Nh6 15. g5 Nf5 16. Qd2 Bc6 17. a3 Qa5 18. b4 Qc7 19. Nd4 Nxd4 20. Bxd4 h6 21. h4 Qd7 22. a4 Rfc8 23. Rfb1 Qe8 24.
Qd3 Bd7 25. Be3 Bf8 26. Qd4 a5 27. bxa5 Bxc5 28. Qd3 Bxe3+ 29. Qxe3 Bc6 30. Ne2 d4 31.
Nxd4 Bd5 32. gxh6 Rxa5 33. Rb4 Qf8 34. f5 exf5 35. Qg5 Qxb4 36. Nxf5 Rxc2 37. Qd8+ Kh7 38.
Qf6 Qg4+ 39. Kf1 Qe2+ 40. Kg1 Qg2# 0-1

[Event "*** Titled Tuesday 3|2 Blitz"]
[Site "Chess.com"]
[Date "2017.03.07"]
[Round "1"]
[White "AungTZ"]
[Black "GMMarcinDziuba"]
[Result "0-1"]
[WhiteElo "2053"]
[BlackElo "2451"]
[TimeControl "180+2"]
[EndTime "13:08:59 PST"]
[Termination "GMMarcinDziuba won by resignation"]

1. e4 c5 2. Nf3 d6 3. d4 cxd4 4.
Nxd4 Nf6 5. Nc3 a6 6. g3 e5 7. Nb3 Be7 8. Bg2 O-O 9. O-O b5 10. Bd2 Nbd7 11. Qe1 Bb7 12. Nd5 Bxd5 13. exd5 Nb6 14.
Rd1 Qd7 15. Na5 Rac8 16. Bb4 Nc4 17. Nxc4 Rxc4 18. c3 Re8 19. b3 Rcc8 20. Ba5 Bd8 21. Bxd8 Qxd8 22. Rc1 Rc5 23. Qd2 Qc7 24. Rfd1 h6 25. b4 Rc4 26. Bf1 Rg4 27. h3 Rg5 28. c4 bxc4 29. Rxc4 Qd7 30. Rc6 e4 31. Qf4 e3 32.
fxe3 Nxd5 33. Qxd6 Qxd6 34. Rxd6 Nxe3 35. Re1 Kf8 36. g4 Rge5 37. Bxa6 Nxg4 38. Rxe5 Nxe5 39. Bf1 Ra8 40. Rd2 Nf3+ 41. Kf2 Nxd2 42. Bd3 Rxa2 43. Ke3 Rb2 44. b5 Nb3 0-1

[Event "*** Titled Tuesday 3|2 Blitz"]
[Site "Chess.com"]
[Date "2017.03.07"]
[Round "1"]
[White "GMHess"]
[Black "Vrolijk"]
[Result "1-0"]
[WhiteElo "2566"]
[BlackElo "2292"]
[TimeControl "180+2"]
[EndTime "13:09:03 PST"]
[Termination "GMHess won by checkmate"]

1. b3 e5 2. Bb2 Nc6 3. e3 Nf6 4.
Bb5 Bd6 5. Ne2 O-O 6. Ng3 Re8 7. e4 Bc5 8. Bxc6 dxc6 9. h3 Bd4 10. c3 Bb6 11. Qf3 Be6 12. O-O Qd7 13. Rd1 Rad8 14. d4 exd4 15. cxd4 Qe7 16. Na3 a5 17. Rab1 Bc8 18.
e5 Nd5 19. Nc4 Be6 20. Ne3 Nxe3 21. fxe3 a4 22. bxa4 Bxa2 23. Nf5 Qg5 24. h4 Qg6 25. h5 Qg5 26. h6 Bxb1 27. Rxb1 g6 28. Ng3 Qxh6 29.
Ne4 Rxe5 30. Nf6+ Kf8 31. Ng4 Rf5 32. Qxf5 Qxe3+ 33. Nxe3 gxf5 34. Nxf5 Rd5 35. Ba3+ Ke8 36. Re1+ Kd8 37. Rf1 Bxd4+ 38. Nxd4 Rxd4 39. Rxf7 Rxa4 40. Be7+ Ke8 41. Rxh7 b5 42. Bf6 b4 43. Rxc7 Ra6 44. g4 c5 45. g5 Ra5 46. g6 Kf8 47. Rc8# 1-0

[Event "*** Titled Tuesday 3|2 Blitz"]
[Site "Chess.com"]
[Date "2017.03.07"]
[Round "1"]
[White "Quiet_Desperation"]
[Black "Gordima"]
[Result "0-1"]
[WhiteElo "2137"]
[BlackElo "2479"]
[TimeControl "180+2"]
[EndTime "13:09:03 PST"]
[Termination "Gordima won by resignation"]

1. e4 c5 2. Nf3 d6 3. d4 cxd4 4. Nxd4 Nf6 5. Nc3 a6 6. Be3 e6 7. f3 b5 8. Qd2 b4 9. Nce2 e5 10. Nb3 a5 11. O-O-O Nc6 12. Kb1 Be6 13. g4 Be7 14.
Ng3 a4 15. Nc1 Rb8 16. Nf5 Bxf5 17. gxf5 Na5 18. Rg1 Kf8 19. Qg2 Rg8 20. f4 Qc7 21.
fxe5 dxe5 22. Bd3 a3 23. Nb3 axb2 24. Kxb2 Nc4+ 25. Bxc4 Qxc4 26. Bg5 h6 27. Bxf6 Bxf6 28. Rd3 h5 29. Rgd1 Rh8 30. Qe2 Qc6 31. Rd7 h4 32. h3 Rc8 33. R1d3 Rh6 34. Qd2 Kg8 35. R7d6 Qxe4 36.
Kb1 Qxf5 37. Qxb4 e4 38. Rd1 Qe5 39. R6d4 e3 40. c3 Qf5+ 41. Kb2 Bxd4 42. Nxd4 Qxh3 43. Qb7 Qh2+ 44. Kb3 Rb8 0-1

[Event "*** Titled Tuesday 3|2 Blitz"]
[Site "Chess.com"]
[Date "2017.03.07"]
[Round "1"]
[White "alekroth64"]
[Black "TomsKantans"]
[Result "1-0"]
[WhiteElo "2255"]
[BlackElo "2509"]
[TimeControl "180+2"]
[EndTime "13:09:07 PST"]
[Termination "alekroth64 won on time"]

1. d4 Nf6 2. c4 g6 3. Nc3 d5 4.
cxd5 Nxd5 5. Bd2 Bg7 6. e4 Nb6 7. Be3 O-O 8. h3 e5 9. Nf3 exd4 10. Bxd4 Nc6 11. Bxg7 Kxg7 12. Bb5 Be6 13. O-O Bxa2 14.
Qxd8 Rfxd8 15. Bxc6 Bc4 16. Bxb7 Rab8 17. Rxa7 Bxf1 18.
Kxf1 Nc4 19. Bd5 Nb6 20. Rxc7 Nxd5 21. Nxd5 Rxb2 22. Ne5 Rf8 23. g3 h5 24. h4 Ra2 25.
Kg2 Ra6 26. Nf4 Kg8 27. Nd5 Kg7 28. Kf3 Re6 29. Kf4 Kg8 30. Nf3 Ra6 31. Ng5 Kg7 32.
e5 Kg8 33. Kf3 Ra3+ 34. Kg2 Ra6 35. f4 Ra2+ 36. Kh3 Ra6 37. Rb7 Kg7 38. e6 Rd6 39.
Nb6 Rc6 40. Nd7 Re8 41. exf7 1-0

[Event "*** Titled Tuesday 3|2 Blitz"]
[Site "Chess.com"]
[Date "2017.03.07"]
[Round "1"]
[White "Aygehovit1992"]
[Black "Generalas"]
[Result "0-1"]
[WhiteElo "2467"]
[BlackElo "2178"]
[TimeControl "180+2"]
[EndTime "13:09:14 PST"]
[Termination "Generalas won by resignation"]

1. e4 e5 2. Nf3 Nc6 3. Bb5 a6 4.
Ba4 Nf6 5. O-O Be7 6. Re1 b5 7. Bb3 O-O 8. a4 Bb7 9. Nc3 b4 10. Nd5 d6 11. a5 Nxd5 12. Bxd5 Nxa5 13. Rxa5 c6 14. Bxc6 Bxc6 15. Ra1 f5 16. d3 f4 17. Bd2 Qb6 18. Qb1 Rfb8 19. d4 Bf6 20. g3 fxg3 21. hxg3 exd4 22. Bf4 Qc5 23. Qa2+ Kh8 24. Re2 Rf8 25. Kg2 g5 26. Bd2 g4 27. Ne1 Bb5 28. Nd3 Qxc2 29. Nxb4 Qc5 30. Ree1 a5 31. Nd5 Bc4 32.
Qa3 Bxd5 33. Qxc5 Bxe4+ 34. Rxe4 dxc5 35. Rxg4 a4 36. Re4 Rfb8 37. Ra2 d3 38. Re6 Rxb2 39. Ra3 Rxd2 40. Rxf6 c4 41. Rc6 Rc2 42. Rc7 d2 43. Rd7 c3 44. Ra1 Rc1 0-1

[Event "*** Titled Tuesday 3|2 Blitz"]
[Site "Chess.com"]
[Date "2017.03.07"]
[Round "1"]
[White "Grebeniuk-S"]
[Black "EmeseBalogh"]
[Result "1-0"]
[WhiteElo "2432"]
[BlackElo "2001"]
[TimeControl "180+2"]
[EndTime "13:09:14 PST"]
[Termination "Grebeniuk-S won by resignation"]

1. d4 d5 2. c4 c6 3. cxd5 cxd5 4.
Bf4 Nf6 5. e3 Nc6 6. Nc3 e6 7. Bd3 Bd6 8. Bxd6 Qxd6 9. f4 O-O 10.
Nf3 g6 11. O-O Nd7 12. Rc1 f5 13. Ne5 Ndxe5 14. fxe5 Qe7 15. Bb5 Bd7 16. Bxc6 Bxc6 17. Qd3 Kh8 18. Rc2 Rg8 19. a3 g5 20. b4 a6 21. Qe2 Be8 22. Nb1 Bg6 23. Rc3 Rac8 24.
Rfc1 Rxc3 25. Rxc3 f4 26. Nd2 Bf5 27. exf4 gxf4 28.
Qh5 Qg7 29. Qf3 Qg5 30. Qf2 Be4 31. Nf3 Qg4 32. Kh1 Rg6 33. h3 Qh5 34. Rc8+ Rg8 35. Rxg8+ Kxg8 36. Kh2 Qf5 37. Ng1 b6 38. Ne2 f3 39.
gxf3 Bxf3 40. Ng1 Be4 41. Qxf5 Bxf5 42. Ne2 Kf7 43. Kg3 Bd3 44. Nf4 Bf1 45. Kg4 a5 46.
Kg5 axb4 47. axb4 Bb5 48. Kh6 Kg8 49. Nxe6 Bd7 50. Nf4 Bf5 51. Kg5 Be4 52. Kf6 Kf8 53. e6 Ke8 54. h4 b5 55. Nh5 Bg6 56. Nf4 Be4 57. Ke5 Ke7 58. Nxd5+ Bxd5 59. Kxd5 1-0

[Event "*** Titled Tuesday 3|2 Blitz"]
[Site "Chess.com"]
[Date "2017.03.07"]
[Round "1"]
[White "RobertoJBM"]
[Black "kereswasbest"]
[Result "0-1"]
[WhiteElo "2414"]
[BlackElo "2058"]
[TimeControl "180+2"]
[EndTime "13:09:15 PST"]
[Termination "kereswasbest won on time"]

1. d4 Nf6 2. e3 d5 3. Nf3 Bg4 4.
c4 c6 5. Qb3 Qb6 6. Ne5 e6 7.
Nxg4 Nxg4 8. Qd1 f5 9. Nc3 Nf6 10. Bd3 g6 11. O-O Bg7 12. Bd2 Nbd7 13. Rb1 O-O 14.
b4 a6 15. a4 Ne4 16. Qc2 Ndf6 17. c5 Qc7 18. b5 axb5 19. axb5 Nxc3 20. Bxc3 Ne4 21. bxc6 bxc6 22. Rb6 e5 23. Bxe4 dxe4 24. Qb2 exd4 25. Bxd4 Bxd4 26. Qxd4 Rad8 27. Qc4+ Rd5 28. Rfb1 Rd8 29. g3 Rd7 30. Rb8+ Kg7 31. h4 Qe5 32. R8b7 Rxb7 33. Rxb7+ Kh6 34. Kg2 Qf6 35. Rc7 Qe5 36. Rxc6 Rd1 37. Ra6 Qb2 38. Qa2 Qc1 39. f3 Rd2+ 40.
Qxd2 Qxd2+ 41. Kh3 exf3 42. Ra2 Qxa2 0-1

[Event "*** Titled Tuesday 3|2 Blitz"]
[Site "Chess.com"]
[Date "2017.03.07"]
[Round "1"]
[White "GMMelik"]
[Black "FlameOak4464"]
[Result "1-0"]
[WhiteElo "2408"]
[BlackElo "1799"]
[TimeControl "180+2"]
[EndTime "13:09:19 PST"]
[Termination "GMMelik won by resignation"]

1. d4 d5 2. Nc3 Nf6 3. Bg5 Nbd7 4.
f3 c5 5. dxc5 e6 6. b4 a5 7. a3 Qc7 8. Nh3 b6 9. Nb5 Qc6 10. Nd4 Qa4 11. c6 Nb8 12. e3 Ba6 13. b5 Bc8 14. c4 Qxd1+ 15. Kxd1 Be7 16. Kc2 dxc4 17. Bxc4 e5 18. Ne2 Bf5+ 19. e4 Bg6 20.
Bxf6 Bxf6 21. Rhd1 Ra7 22. Nc3 Be7 23. Nd5 Bc5 24.
Rd2 O-O 25. Nf2 Kh8 26. Ng4 Re8 27. Rd3 f5 28. exf5 Bxf5 29. Re1 Bxd3+ 30. Bxd3 Bxa3 31. Nxb6 Rae7 32. Nc4 Bb4 33. Rxe5 a4 34. Rxe7 Rxe7 35. Nge5 a3 36. Kb3 Kg8 37. Bb1 a2 38. Bxa2 Be1 39.
b6 Nxc6 40. Nxc6 Bf2 41. Nxe7+ Kf7 42. Nd5 Ke6 43. Nce3 Kd6 44. Kc4 Kc6 45. Bb3 Bxe3 46.
Ba4+ Kb7 47. Nxe3 Kxb6 48. Kd5 Kc7 49. Ke6 Kd8 50. Kf7 g5 51. Kg7 h5 52. Kf6 g4 53. fxg4 hxg4 54. Nxg4 1-0

[Event "*** Titled Tuesday 3|2 Blitz"]
[Site "Chess.com"]
[Date "2017.03.07"]
[Round "1"]
[White "alexsuper1987"]
[Black "A-Fier"]
[Result "0-1"]
[WhiteElo "2203"]
[BlackElo "2510"]
[TimeControl "180+2"]
[EndTime "13:09:26 PST"]
[Termination "A-Fier won by checkmate"]

1. e4 c5 2. c3 d5 3. exd5 Qxd5 4.
d4 Nf6 5. Nf3 e6 6. Be2 Be7 7. O-O O-O 8. c4 Qd8 9. dxc5 Bxc5 10.
a3 b6 11. b4 Be7 12. Bb2 Bb7 13. Nc3 Nbd7 14. Nb5 Ne4 15. Bd3 a6 16. Bxe4 Bxe4 17. Nd6 Bxf3 18. gxf3 Bf6 19. Bxf6 Nxf6 20. Ne4 Nd7 21. Qd6 Qc8 22. Rfd1 Ra7 23. Rac1 Rc7 24. c5 bxc5 25. Nxc5 Nb8 26. Nb3 Rxc1 27. Rxc1 Qb7 28. Kg2 h6 29. Na5 Qb5 30. Rc5 Qa4 31. Nc4 Qb3 32. Qe7 Qd1 33. Rc7 Qd5 34. Nd6 Qg5+ 35. Qxg5 hxg5 36. Rb7 f6 37. a4 Rd8 38. b5 axb5 39. axb5 Nd7 40. Rc7 Nb6 41. Nb7 Rd5 42. Rc5 Rd7 43. Na5 Nd5 44. Rc6 Ra7 45. Nc4 Ra4 46. b6 Rb4 47. Kg3 Kh7 48. Ne3 Nf4 49.
Ng2 Ne2+ 50. Kh3 Kg6 51. Rxe6 Nd4 52. Re4 f5 53. Re5 Nxf3 54. Re6+ Kh5 55. Kg3 Ng1 56.
h4 f4+ 57. Kh2 Nf3+ 58. Kh1 Rb1+ 59. Ne1 Nxe1 60. b7 Nf3+ 61. Kg2 Kg4 62. Rg6 Rg1# 0-1

[Event "*** Titled Tuesday 3|2 Blitz"]
[Site "Chess.com"]
[Date "2017.03.07"]
[Round "1"]
[White "Abdodi"]
[Black "mwpchess"]
[Result "1-0"]
[WhiteElo "2012"]
[BlackElo "2417"]
[TimeControl "180+2"]
[EndTime "13:09:30 PST"]
[Termination "Abdodi won on time"]

1. d4 Nf6 2. c4 e6 3. Nc3 Bb4 4.
f3 c5 5. d5 O-O 6. e4 d6 7. Bg5 h6 8. Bh4 Re8 9. dxe6 Bxe6 10.
Bd3 Nbd7 11. Ne2 Ne5 12. b3 g5 13. Bg3 Qa5 14. Qc2 Nh5 15. O-O Nxg3 16. hxg3 Bxc3 17.
Nxc3 Nc6 18. Nd5 Bxd5 19. exd5 Nd4 20. Qd1 Qd8 21. f4 Qe7 22. Re1 Qf6 23. Qd2 Kf8 24.
Kf2 g4 25. Rxe8+ Rxe8 26. Re1 Rxe1 27. Qxe1 b6 28. Qe4 Qg7 29. Qe1 f5 30. Qh1 Qf6 31. Qc1 h5 32. Qh1 Qg6 33. Qh4 Ke8 34. Qh1 a6 35.
Qe1+ Kd7 36. Qc1 Qe8 37. Qa3 a5 38. Qc1 Kc7 39. Qh1 Kb7 40. Qh4 Qf7 41. Qg5 Ka7 42. Qd8 Kb7 43. Qxd6 Qe8 44. Qe5 Qf7 45. Qh8 Kc7 46.
Qa8 1-0

[Event "*** Titled Tuesday 3|2 Blitz"]
[Site "Chess.com"]
[Date "2017.03.07"]
[Round "1"]
[White "DryCounty"]
[Black "Misha_Bilous"]
[Result "1-0"]
[WhiteElo "2537"]
[BlackElo "2258"]
[TimeControl "180+2"]
[EndTime "13:09:33 PST"]
[Termination "DryCounty won on time"]

1. Nf3 Nf6 2. c4 g6 3. Nc3 Bg7 4. e4 O-O 5. d4 d6 6. Be2 e5 7. O-O Nc6 8. Be3 Ng4 9. Bg5 f6 10. Bc1 Nh6 11. dxe5 dxe5 12. Qd5+ Nf7 13. Be3 Nb4 14.
Qc5 Nc2 15. Rad1 Bd7 16. Bc1 Qc8 17. Nd5 b6 18. Ne7+ Kh8 19. Qd5 Be6 20. Qc6 Nb4 21. Qa4 Qe8 22. Nxg6+ hxg6 23. Qxb4 c5 24. Qb3 Qe7 25. Nh4 Kh7 26. g3 Nd8 27. Qa4 Bh3 28.
Ng2 Ne6 29. Rd7 Qe8 30. Bd1 Nd4 31. Rd6 Qxa4 32. Bxa4 Rh8 33. f3 Kg8 34. Rf2 Kf7 35. Ne3 Ke7 36. Rd5 Be6 37. Kg2 Bxd5 38. Nxd5+ Kd6 39.
f4 Rab8 40. Bd1 b5 41. cxb5 Rxb5 42. b3 a5 43. Ne3 a4 44. Nc4+ Ke6 45. Bg4+ Ke7 46.
fxe5 fxe5 47. Bg5+ 1-0

[Event "*** Titled Tuesday 3|2 Blitz"]
[Site "Chess.com"]
[Date "2017.03.07"]
[Round "1"]
[White "GMCanty"]
[Black "NTBT_DHS"]
[Result "0-1"]
[WhiteElo "2294"]
[BlackElo "2574"]
[TimeControl "180+2"]
[EndTime "13:09:42 PST"]
[Termination "NTBT_DHS won by checkmate"]

1. e4 g6 2. d4 Bg7 3. Nc3 a6 4. a4 b6 5. Nf3 Bb7 6. Bc4 e6 7. Qe2 Ne7 8. Bd2 d6 9. h3 Nbc6 10. d5 exd5 11. Nxd5 Nxd5 12. Bxd5 O-O 13. c3 Na5 14. Bxb7 Nxb7 15. O-O Re8 16. Qc4 Nc5 17. Rfe1 Rxe4 18. Rxe4 d5 19. Re8+ Qxe8 20. Qxd5 Rd8 21. Qc4 Qe4 22. Qxe4 Nxe4 23. Bf4 Rd7 24. Re1 f5 25. g4 Nc5 26. gxf5 gxf5 27. Re8+ Kf7 28. Rc8 Nxa4 29. Ng5+ Kg6 30. Ne6 Nxb2 31. Nxg7 Rxg7 32. Bxc7 Nc4 33. Bf4 b5 34. Rc6+ Kf7+ 35. Kf1 Rg6 36.
Rc7+ Ke6 37. Rc6+ Kd5 38. Rc8 Ke4 39. Bg3 f4 40. Re8+ Ne5 41. Bh2 Rf6 42. f3+ Kf5 43.
Kf2 Rc6 44. Rf8+ Rf6 45. Rxf6+ Kxf6 46. Bxf4 Nd3+ 47. Ke3 Nxf4 48. Kxf4 a5 49. Ke4 a4 50.
Kd3 Kf5 51. Kc2 Kf4 52. Kb2 Kxf3 53. Ka3 Kg3 54. Kb4 Kxh3 55. Kxb5 a3 56. c4 a2 57. c5 a1=Q 58. c6 Qb2+ 59. Kc5 Qc3+ 60. Kd6 Kg4 61. Kd7 Kf5 62. c7 Qd4+ 63. Kc8 Ke6 64. Kb8 Qb4+ 65. Ka8 Kd7 66. c8=Q+ Kxc8 67. Ka7 Qb7# 0-1

[Event "*** Titled Tuesday 3|2 Blitz"]
[Site "Chess.com"]
[Date "2017.03.07"]
[Round "1"]
[White "RoelandPruijssers"]
[Black "arna"]
[Result "0-1"]
[WhiteElo "2495"]
[BlackElo "2241"]
[TimeControl "180+2"]
[EndTime "13:09:43 PST"]
[Termination "arna won on time"]

1. e4 c5 2. Nf3 Nc6 3. Bb5 g6 4. Bxc6 dxc6 5. d3 Bg7 6. h3 Nf6 7. Nc3 O-O 8. Be3 b6 9. Qd2 e5 10. Bh6 Qd6 11. O-O Rd8 12. b3 Ne8 13. Bxg7 Nxg7 14. a4 Ne6 15. Ne2 a5 16. Qh6 f6 17.
Nh2 Qf8 18. Qh4 g5 19. Qg3 h6 20. f4 exf4 21. Nxf4 Nxf4 22. Rxf4 Qg7 23. Rf2 f5 24. Re1 f4 25. Qf3 Be6 26. Qh5 Kh7 27. Nf3 Qg6 28.
Qxg6+ Kxg6 29. Rfe2 Rac8 30. Ne5+ Kf6 31. Nc4 Bxc4 32. bxc4 Ke5 33. Rb1 Rb8 34. Kf2 Rb7 35. Kf3 h5 36. g3 g4+ 37. Kf2 f3 38. Ree1 Rdb8 39. hxg4 hxg4 40. Rh1 b5 41. Rh5+ Kd4 42. cxb5 cxb5 43. Rd5+ Kc3 44. Rxc5+ Kd2 45. Rbxb5 Rxb5 46. axb5 Rh8 47. Kg1 Ke2 0-1